Unix NetHack Version 5.0.0-0 post-release - last build Jun 10 2026 00:39:30 (3ee93aec679c4c4259841fe613dc97188e26a321,branch:main).

Game began 2026-06-13 09:13:51, ended 2026-06-13 13:33:57.

BatBeefs, neutral female human Tourist

                                               ------
                                     -----     |((..|--
                                   ---...---   |(.(.-.|
                                  --@ .....--  |.)(.|.|
                                  -aaa......|--------.-
                                  .)a.G...---......%...
                                  ..a.....| ..-----.-.
                                   .|...F-|.....--
                                    |...---..|...--
                                      ......---...----
                                       -...........|..
                                       -----.......|..
                                            -.---..|..
                                            |.|    |.....
                                            |.|    --...-
                                          ---.---   --..|         ...
                                          |.....|    |..|        -.....-
                                          |%)_..|    |.. ---------.|....|.
                                          |+...))####...--.........|---.....|
                                          -------    --.......------  ---..<|
                                                      -----             -----
BatBeefs the Excursionist   St:12 Dx:10 Co:14 In:14 Wi:11 Ch:18  Neutral S:3486
Dlvl:7  $:798 HP:0(55) Pw:28(28) AC:6  Xp:7/765 T:6178  Lev

Latest messages:
 The killer bee stings!
 The killer bee stings!
 The killer bee's sting was poisoned!
 You feel more confident in your weapon skills.
 You kill the killer bee!
 The killer bee stings!
 The killer bee's sting was poisoned!
 You feel weaker!
 You hit the killer bee!
 The killer bee stings!
 The killer bee stings!
 You miss the killer bee.
 The killer bee stings!
 Stoner misses the killer bee.
 You kill the killer bee!
 What do you want to use or apply? [bceloptvAGIK or ?*] p
 Nothing happens.
 What do you want to use or apply? [bceloptvAGIK or ?*] p
 Nothing happens.
 What do you want to use or apply? [bceloptvAGIK or ?*] <esc>
 Never mind.
 You miss the killer bee.
 The killer bee misses!
 What do you want to use or apply? [bceloptvAGIK or ?*] h
 Sorry, I don't know how to use that.
 In what direction? <esc>
 Never mind.
 What do you want to read? [jnuzCLO or ?*] L
 As you read the scroll, it disappears.
 You materialize in a different location!
 You hit the giant ant.
 The giant ant bites!
 You hit the giant ant.
 The giant ant bites!
 The giant ant bites!
 The giant ant bites!
 What do you want to drink? [iG or ?*] ?
 As you open the bottle, an enormous ghost emerges!
 You are frightened to death, and unable to move.
 The giant ant bites!
 The giant ant bites!
 The giant ant bites!
 The giant ant bites!
 The giant ant bites!
 You die...
 Do you want your possessions identified? [ynq] (y) y
 Do you want to see your attributes? [ynq] (y) y
 Do you want an account of creatures vanquished? [ynaq] (y) y
 Do you want to see your conduct and achievements? [ynq] (y) y
 Do you want to see the dungeon overview? [ynq] (y) n

Inventory:
 Coins    ('$')
  $ - 798 gold pieces
 Amulets  ('"')
  R - an uncursed amulet of flying
 Weapons  (')')
  M - a corroded +0 orcish arrow
  N - 6 +2 darts (at the ready)
  a - a +2 dagger (weapon in right hand)
  s - 4 +0 daggers
  e - a +0 dwarvish mattock
 Armor    ('[')
  r - a blessed +1 helm of telepathy
  w - an uncursed +2 pair of iron shoes
  T - an uncursed +0 small shield
  P - an uncursed +1 dwarvish cloak
  k - an uncursed +0 Hawaiian shirt with a giant eel motif named original (being worn)
  Q - an uncursed +0 scale mail (being worn)
 Comestibles  ('%')
  f - an uncursed sprig of wolfsbane
  h - 3 uncursed eggs
 Scrolls  ('?')
  u - a blessed scroll of blank paper
  n - 3 uncursed scrolls of blank paper
  z - a blessed scroll of identify
  C - an uncursed scroll of light
  j - 4 uncursed scrolls of magic mapping
  O - an uncursed scroll of remove curse
 Potions  ('!')
  G - an uncursed potion of oil
 Rings    ('=')
  B - an uncursed ring of shock resistance named tried
 Wands    ('/')
  t - a wand of create monster (0:12)
 Tools    ('(')
  v - an uncursed bugle
  b - an uncursed credit card named original
  l - an expensive camera named original (0:74)
  c - an uncursed lock pick
  A - an uncursed magic lamp
  K - an uncursed pair of lenses
  I - an uncursed tin opener
  o - an uncursed towel
  p - a +0 unicorn horn
 Gems/Stones  ('*')
  U - 3 uncursed worthless pieces of black glass
  q - an uncursed worthless piece of orange glass
  D - an uncursed worthless piece of white glass
  E - 2 uncursed worthless pieces of yellow glass
  m - an uncursed worthless piece of yellowish brown glass

BatBeefs the Tourist's attributes:

Background:
 You were an Excursionist, a level 7 female human Tourist.
 You were neutral, on a mission for The Lady
 who was opposed by Blind Io (lawful) and Offler (chaotic).
 You were right-handed.
 You were in the Gnomish Mines, on level 7.
 You entered the dungeon 6178 turns ago.
 You had 765 experience points, 515 more were needed to attain level 8.
 Your score was 3486 before end-of-game adjustments.

Basics:
 You had 0 out of 55 hit points.
 You had all 28 energy points (spell power).
 Your armor class was 6.
 Your wallet contained 798 zorkmids.
 Autopickup was off.

Final Characteristics:
 Your strength was 12 (peak:15, limit:18/100).
 Your dexterity was 10 (limit:18).
 Your constitution was 14 (limit:18).
 Your intelligence was 14 (limit:18).
 Your wisdom was 11 (limit:18).
 Your charisma was 18 (limit:18).

Final Status:
 You were levitating.
 You weren't hungry.
 You were unencumbered.
 You were wielding a dagger.
 You had basic skill with dagger and could have enhanced that.

Final Attributes:
 You were piously aligned.
 You were telepathic.
 You were warded.
 You are dead.

Miscellaneous:
 You encountered 1 bones level.
 Total elapsed playing time was 1 hour, 59 minutes and 52 seconds.

Major events:
 Turn
    1: BatBeefs the neutral female human Tourist entered the dungeon
  647: attained the rank of Sightseer (level 3)
 4433: entered the Gnomish Mines
 4605: attained the rank of Excursionist (level 6)
 5127: declined to perform genocide
 5609: reached Mine Town
 6178: killed by a giant ant, while being frightened to death

You didn't know any spells.

Skills:
 Fighting Skills
   bare handed combat [Unskilled]
   two weapon combat  [Unskilled]
   riding             [Unskilled]
 Weapon Skills
   dagger             [Basic]
   knife              [Unskilled]
   axe                [Unskilled]
   pick-axe           [Unskilled]
   short sword        [Unskilled]
   broadsword         [Unskilled]
   long sword         [Unskilled]
   two-handed sword   [Unskilled]
   saber              [Unskilled]
   mace               [Unskilled]
   morning star       [Unskilled]
   flail              [Unskilled]
   hammer             [Unskilled]
   quarterstaff       [Unskilled]
   polearms           [Unskilled]
   spear              [Unskilled]
   trident            [Unskilled]
   lance              [Unskilled]
   bow                [Unskilled]
   sling              [Unskilled]
   crossbow           [Unskilled]
   dart               [Basic]
   shuriken           [Unskilled]
   boomerang          [Unskilled]
   whip               [Unskilled]
   unicorn horn       [Unskilled]
 Spellcasting Skills
   divination spells  [Unskilled]
   enchantment spells [Unskilled]
   escape spells      [Unskilled]

Voluntary challenges:
 Character rerolling was not enabled.
 You never genocided any monsters.
 You never polymorphed an object.
 You never changed form.
 You used no wishes.
Achievements:
 You attained the rank of Sightseer.
 You entered a shop.
 You entered the Gnomish Mines.
 You attained the rank of Excursionist.
 You entered Minetown.
 You entered a temple.

 The Dungeons of Doom: levels 1 to 5
    Level 1: "vault"
       A fountain.
    Level 2:
       A general store, a sink.
    Level 3: "vault"
    Level 4:
       A fountain.
       Stairs down to The Gnomish Mines.
    Level 5:
       Final resting place for
          npexception-Tou-Hum-Mal-Neu, killed by a mind flayer.
 The Gnomish Mines: levels 5 to 7
    Level 5:
    Level 6:
    Level 7: <- You were here.
       A lighting shop, a temple and an altar.
       Final resting place for
          you, killed by a giant ant, while being frightened to death.


Vanquished creatures:
  a small mimic
  a chameleon
  a gnome ruler
  a black unicorn
  a human zombie
  a rock piercer
  a pony
  a yellow light
  3 shriekers
  a violet fungus
  3 gnome leaders
  a gnomish wizard
  2 paper golems
  a giant ant
  a floating eye
  a kitten
  6 dwarves
  6 rothes
  a giant bat
  2 orc zombies
  a dwarf zombie
  a werejackal
  3 iguanas
  2 killer bees
  2 acid blobs
  a coyote
  4 gas spores
  a hobgoblin
  5 giant rats
  6 cave spiders
  2 yellow molds
 24 gnomes
  2 garter snakes
  7 geckos
  7 jackals
  a fox
  3 kobolds
  6 goblins
  a sewer rat
  8 grid bugs
  2 bats
  5 lichens
  2 kobold zombies
  9 newts
141 creatures vanquished.

No species were genocided or became extinct.

Game over:
                       ----------
                      /          \
                     /    REST    \
                    /      IN      \
                   /     PEACE      \
                  /                  \
                  |     BatBeefs     |
                  |      798 Au      |
                  |   killed by a    |
                  |    giant ant     |
                  |                  |
                  |                  |
                  |       2026       |
                 *|     *  *  *      | *
        _________)/\\_//(\/(/\)/\//\/|_)_______

Aloha BatBeefs the Tourist...

You died in The Gnomish Mines on dungeon level 7 with 3482 points,
and 798 pieces of gold, after 6178 moves.
You were level 7 with a maximum of 55 hit points when you died.

